Map: Dusk Towers

Players

Aggression

  • Race: Terran Terran
  • League: Master

Miszu - Winner!

  • Race: Terran Terran
  • League: Master

VOD

Have the link to the VOD?

Description

Time

  • Played on: April 8, 2016, 12:12 p.m.
  • Length: 10:47
Show
View Real Time Build Order
Export as new Build Order

Aggression Terran 

Build Orders: Reaper Expand, Bio Tank 

Get SALT Encoding   

  12  0:01  SCV  
  13  0:13  SCV  
  14  0:17  Supply Depot  
  14  0:25  SCV  
  15  0:39  SCV  
  15  0:40  Barracks  
  16  0:43  Refinery  
  16  0:51  SCV  
  17  1:03  SCV  
  18  1:15  SCV  
  19  1:26  Reaper  
  19  1:27  Orbital Command  
  20  1:42  Command Center  
  20  1:51  Supply Depot  
  20  1:53  SCV  
  21  1:58  Marine  
  22  2:06  SCV  
  23  2:10  Factory  
  23  2:18  Refinery  
  23  2:20  SCV  
  23  2:21  Barracks Reactor  
  24  2:32  SCV  
  25  2:44  SCV  
  26  2:54  Starport, Widow Mine  
  26  2:56  Orbital Command  
  26  2:57  SCV  
  29  3:00  Marine x2  
  29  3:04  Engineering Bay  
  31  3:12  SCV  
  32  3:16  Supply Depot  
  32  3:18  Marine x2  
  34  3:21  SCV  
  34  3:24  SCV, Factory Tech Lab  
  36  3:31  Medivac  
  36  3:33  SCV  
  39  3:38  Marine x2  
  41  3:42  SCV  
  41  3:47  Siege Tank  
  45  3:49  SCV  
  45  3:55  SCV  
  47  3:59  Marine x2  
  47  4:01  SCV  
  50  4:07  Viking, SCV  
  53  4:11  Supply Depot  
  53  4:12  Supply Depot  
  53  4:13  SCV  
  54  4:24  Command Center  
  54  4:33  SCV x2  
  56  4:38  Starport Reactor  
  56  4:42  Siege Tank  
  56  4:43  Marine x2  
  56  4:45  SCV x2  
  63  4:48  Refinery  
  63  4:55  Barracks  
  63  4:57  Barracks  
  64  5:00  SCV x2  
  64  5:04  Terran Infantry Weapons Level 1  
  65  5:09  Marine x2  
  65  5:12  SCV x2  
  69  5:22  Supply Depot  
  69  5:24  SCV  
  70  5:34  Supply Depot  
  70  5:35  Supply Depot  
  70  5:36  Marine x2, Medivac x2, SCV  
  70  5:37  Orbital Command  
  70  5:41  SCV  
  78  5:45  Barracks Tech Lab  
  78  5:46  Barracks Tech Lab, Missile Turret  
  78  5:48  SCV  
  79  5:53  Siege Tank  
  79  5:54  Marine x2  
  79  5:56  SCV  
  85  6:01  Refinery  
  85  6:05  Marine x2, Stimpack  
  85  6:06  Combat Shields  
  85  6:09  Orbital Command  
  87  6:14  SCV x2  
  87  6:18  Marine  
  90  6:20  Barracks  
  90  6:21  Barracks  
  90  6:26  SCV x2  
  90  6:29  Marine x2  
  94  6:33  Marine  
  94  6:37  Marine  
  94  6:38  Medivac x2  
  100  6:40  SCV  
  100  6:45  SCV x2  
  102  6:47  Marine  
  102  6:49  Marine  
  102  6:52  SCV  
  102  6:53  Engineering Bay  
  103  6:55  Armory  
  103  6:57  Marine x2, SCV  
  103  7:08  Medivac  
  103  7:12  Marine  
  103  7:13  Marine  
  103  7:15  Barracks Reactor x2  
  97  7:19  Marine x2  
  89  7:23  SCV x3  
  89  7:29  Terran Infantry Armor Level 1  
  90  7:30  Marine  
  90  7:35  SCV x2  
  93  7:38  Marine x2  
  93  7:39  Siege Tank  
  93  7:40  Medivac x2  
  93  7:42  Marine  
  103  7:45  SCV  
  103  7:47  SCV  
  103  7:49  SCV  
  106  7:52  Barracks  
  106  7:53  Refinery, Terran Infantry Weapons Level 2  
  106  7:54  Marine x3, Barracks  
  106  7:55  Barracks  
  109  8:02  Supply Depot  
  109  8:03  Supply Depot x2  
  109  8:20  Factory, Refinery  
  109  8:23  Marine x5, SCV x3  
  109  8:24  Marine x3  
  120  8:36  SCV  
  120  8:37  Medivac x2, Siege Tank  
  120  8:41  Barracks Reactor, Marine x5  
  127  8:42  Marine  
  127  8:47  Barracks Reactor  
  133  8:52  Barracks Reactor  
  133  8:55  Supply Depot  
  133  8:56  Supply Depot  
  133  8:57  Supply Depot  
  133  9:08  Supply Depot  
  133  9:09  Supply Depot x2, Factory Tech Lab  
  133  9:10  Marine x2  
  133  9:11  Marine x3  
  133  9:13  Marine x3  
  133  9:15  Medivac  
  133  9:17  Marine, Orbital Command  
  133  9:19  Marine  
  133  9:27  Marine  
  133  9:28  Marine x3, Siege Tank  
  133  9:29  Marine  
  133  9:30  Marine  
  130  9:50  Marine x3  
  133  9:53  Marine x8  
  133  9:58  Marine  
  142  10:03  Medivac, Siege Tank  
  142  10:06  Marine x2  
  149  10:10  Command Center  
  149  10:12  Marine x3  
  149  10:13  Siege Tank  
  155  10:14  Marine x2  
  155  10:16  Marine x4  
  161  10:21  Marine  
  161  10:24  Marine x2  
  161  10:26  Marine  
  164  10:29  Marine  
Show
View Real Time Build Order
Export as new Build Order

Miszu Terran - Winner!

Build Orders: 1/1/1, Bio Tank 

Get SALT Encoding   

  12  0:00  SCV  
  13  0:13  SCV  
  14  0:17  Supply Depot  
  14  0:25  SCV  
  15  0:39  SCV  
  15  0:41  Barracks  
  16  0:45  Refinery  
  16  0:51  SCV  
  16  0:53  Refinery  
  17  1:03  SCV  
  18  1:15  SCV  
  19  1:28  SCV  
  20  1:33  Factory  
  20  1:34  Marine  
  21  1:40  Orbital Command  
  21  1:47  Supply Depot  
  21  1:52  Marine  
  22  2:06  SCV  
  23  2:12  Marine  
  24  2:17  Hellion  
  24  2:18  Starport  
  24  2:20  SCV  
  27  2:29  Marine  
  27  2:31  Supply Depot  
  28  2:39  Hellion  
  28  2:40  SCV  
  31  2:52  Marine  
  31  2:53  SCV  
  31  2:56  Viking  
  35  3:05  Supply Depot, SCV  
  36  3:08  Factory Tech Lab  
  36  3:11  Barracks Reactor  
  36  3:17  SCV  
  37  3:29  SCV  
  38  3:39  Command Center  
  38  3:41  SCV  
  39  3:53  SCV  
  40  4:05  SCV  
  46  4:10  Supply Depot  
  41  4:17  SCV  
  41  4:18  Command Center  
  42  4:29  Barracks, SCV  
  43  4:37  Barracks  
  43  4:40  Starport Reactor  
  43  4:42  SCV  
  44  4:47  Siege Tank  
  47  4:54  SCV  
  47  4:58  Orbital Command  
  48  5:06  SCV  
  49  5:12  Marine x2  
  51  5:18  SCV  
  51  5:19  Engineering Bay, Barracks Tech Lab  
  52  5:21  Siege Tank  
  52  5:23  SCV  
  52  5:25  Barracks Tech Lab  
  56  5:30  Engineering Bay, SCV  
  57  5:35  Orbital Command  
  57  5:38  SCV  
  57  5:41  Stimpack  
  58  5:43  Combat Shields  
  58  5:45  SCV  
  58  5:47  Medivac  
  61  5:51  Medivac  
  61  5:52  SCV  
  64  5:57  SCV, Orbital Command  
  64  5:58  Refinery  
  64  5:59  Refinery  
  65  6:05  Terran Infantry Weapons Level 1, Terran Infantry Armor Level 1  
  65  6:07  Marine x3  
  65  6:08  Marine  
  65  6:10  SCV  
  70  6:11  SCV  
  71  6:18  Supply Depot  
  71  6:21  Siege Tank  
  71  6:22  SCV  
  71  6:23  SCV  
  71  6:25  SCV  
  77  6:30  Medivac  
  77  6:32  Marine  
  80  6:34  SCV  
  80  6:35  SCV  
  80  6:37  SCV  
  83  6:44  Marine x2  
  83  6:45  Marine  
  83  6:46  SCV  
  87  6:48  SCV  
  87  6:49  Barracks  
  87  6:50  Marine, Barracks  
  87  6:51  Medivac  
  91  6:56  SCV  
  91  6:58  Supply Depot, SCV  
  91  7:00  Medivac, SCV  
  92  7:02  Marine  
  92  7:03  Armory  
  92  7:08  SCV  
  90  7:10  SCV  
  85  7:18  SCV  
  85  7:20  SCV  
  87  7:23  SCV  
  87  7:29  Marine x3  
  89  7:30  Marine, SCV  
  89  7:35  Supply Depot  
  89  7:36  Siege Tank, SCV x2  
  98  7:37  Supply Depot  
  98  7:38  Supply Depot  
  98  7:42  SCV  
  98  7:43  Sensor Tower  
  98  7:44  Missile Turret  
  99  7:46  Missile Turret  
  99  7:47  Marine  
  99  7:48  SCV  
  101  7:52  Barracks Reactor  
  101  7:53  Barracks Reactor  
  101  7:56  SCV x2  
  101  7:57  Refinery x2  
  103  8:02  Missile Turret  
  103  8:03  SCV, Missile Turret  
  103  8:04  Marine  
  105  8:06  Medivac  
  105  8:08  SCV x2  
  109  8:15  SCV  
  109  8:16  Supply Depot x2  
  109  8:17  Supply Depot  
  109  8:19  Terran Infantry Weapons Level 2  
  110  8:24  Terran Infantry Armor Level 2  
  110  8:26  Terran Vehicle Weapons Level 1  
  110  8:28  Marine x2  
  110  8:30  Factory  
  112  8:45  Marine x6  
  112  8:46  Marine x2, Medivac x2, Siege Tank  
  127  8:50  Supply Depot  
  127  8:52  Supply Depot  
  127  8:53  Supply Depot  
  127  9:02  Marine  
  127  9:03  Marine x4  
  127  9:06  Barracks  
  127  9:08  Barracks  
  132  9:15  Marine  
  132  9:16  Medivac  
  129  9:20  Marine  
  129  9:21  Marine x6  
  129  9:22  Siege Tank  
  129  9:23  Factory Tech Lab  
  133  9:32  Marine  
  133  9:34  Medivac  
  130  9:38  Marine  
  130  9:39  Marine x6  
  130  9:42  Siege Tank  
  140  9:45  Supply Depot  
  140  9:46  Supply Depot, Medivac  
  140  9:50  Marine  
  143  9:56  Marine  
  143  9:57  Barracks Reactor, Marine  
  143  9:58  Barracks Reactor  
  145  10:02  Marine x5  
  145  10:05  Command Center  
  145  10:06  Siege Tank  
  153  10:08  Marine  
  154  10:14  Medivac, Siege Tank  
  154  10:16  Medivac  
  154  10:21  Supply Depot  
  161  10:30  Supply Depot  
Tags
 
Add a new tag
Caveats
  • Supply blocks, unpowered buildings, or Contaminate may cause inaccurate times.
  • Supply counts are checked every 10 seconds.